Map: Lost and Found LE

Players

Sugar

  • Race: Terran Terran
  • Spawn Location: 1:00

Clem - Winner!

  • Race: Terran Terran
  • Spawn Location: 7:00

Event: WCS Montreal 2018

VOD

Have the link to the VOD?

Description

Time

  • Played on: Sept. 7, 2018, 12:40 p.m.
  • Length: 12:32

All games in this series

Show
View Real Time Build Order
Export as new Build Order

Sugar Terran 

Build Orders: Gas First Reaper Expand, Reaper Expand, Bio Tank 

Get SALT Encoding   

  12  0:00  SCV  
  13  0:12  SCV  
  14  0:17  Supply Depot  
  14  0:24  SCV  
  14  0:28  Refinery  
  15  0:39  SCV  
  16  0:47  Barracks  
  16  0:51  SCV  
  17  1:03  SCV  
  18  1:15  SCV  
  19  1:33  Orbital Command  
  19  1:34  Reaper  
  20  1:49  Command Center  
  20  1:58  Factory  
  20  2:02  SCV  
  21  2:11  Supply Depot  
  21  2:16  Refinery  
  21  2:17  SCV  
  21  2:22  Barracks Reactor  
  22  2:32  SCV  
  23  2:47  Hellion, Starport  
  24  2:52  SCV  
  25  2:59  Marine x2  
  25  3:05  Orbital Command  
  27  3:06  SCV  
  28  3:12  Factory Tech Lab  
  28  3:18  SCV  
  29  3:20  Marine x2  
  29  3:25  Viking  
  33  3:30  SCV  
  33  3:31  Supply Depot  
  33  3:32  SCV  
  35  3:45  SCV  
  36  3:58  Marine  
  36  3:59  Stimpack  
  36  4:00  Starport Reactor  
  36  4:01  SCV, Factory Tech Lab, Barracks  
  36  4:02  SCV  
  37  4:04  Barracks  
  37  4:11  Engineering Bay  
  37  4:14  SCV x2  
  39  4:21  Siege Tank  
  39  4:22  Marine  
  43  4:26  SCV, Refinery  
  43  4:31  SCV, Supply Depot  
  45  4:38  SCV  
  46  4:39  Missile Turret  
  46  4:40  Missile Turret  
  46  4:44  Marine  
  46  4:45  Starport Reactor  
  47  4:51  Marine x2  
  49  4:56  SCV  
  49  5:01  SCV  
  48  5:08  SCV  
  48  5:11  Marine x2  
  48  5:13  SCV  
  46  5:19  Marine  
  46  5:20  SCV  
  44  5:25  SCV  
  44  5:26  Medivac x2  
  49  5:29  Terran Infantry Weapons Level 1  
  49  5:32  Marine  
  49  5:33  Marine  
  51  5:36  SCV  
  51  5:37  SCV  
  53  5:45  Marine x2, Supply Depot  
  53  5:47  Marine  
  53  5:49  SCV  
  57  5:50  Siege Tank  
  57  5:54  SCV  
  61  5:59  Marine  
  61  6:00  Supply Depot  
  62  6:06  SCV x2  
  62  6:08  Marine  
  65  6:18  SCV x2  
  65  6:19  Marine  
  65  6:21  Combat Shields  
  65  6:22  Siege Tank  
  68  6:30  SCV x2  
  70  6:39  Marine  
  71  6:43  SCV x2  
  71  6:44  Supply Depot  
  71  6:45  Barracks  
  71  6:46  Barracks  
  73  6:47  Marine  
  73  6:49  Medivac x2  
  78  7:00  Supply Depot  
  78  7:01  Supply Depot  
  78  7:05  Siege Tank  
  78  7:08  Refinery, Marine  
  82  7:21  Command Center, SCV, Marine  
  84  7:27  Marine  
  81  7:37  Siege Tank  
  81  7:41  Marine  
  81  7:42  Barracks Reactor x2  
  81  7:43  SCV  
  81  7:46  SCV  
  81  7:51  Terran Infantry Armor Level 1  
  75  7:52  Marine  
  75  7:53  Engineering Bay  
  75  7:54  Armory  
  75  7:55  SCV  
  75  7:57  Marine  
  78  7:58  SCV  
  78  8:02  Marine  
  80  8:09  SCV, Siege Tank  
  80  8:12  Marine  
  84  8:16  Barracks  
  84  8:17  Medivac x2, Barracks  
  84  8:19  Barracks  
  89  8:24  Marine  
  89  8:25  Marine x3  
  93  8:31  Marine x3  
  93  8:32  Marine  
  91  8:42  Marine  
  91  8:44  SCV  
  91  8:46  Siege Tank, Marine x2  
  97  8:51  Orbital Command  
  97  8:52  SCV  
  97  8:54  Marine  
  99  8:57  Marine  
  100  9:06  Terran Infantry Weapons Level 2, Supply Depot x2  
  100  9:07  Terran Vehicle Weapons Level 1  
  100  9:08  Barracks Reactor  
  100  9:11  SCV  
  100  9:13  SCV  
  100  9:16  Marine  
  103  9:18  Medivac  
  103  9:19  Medivac  
  107  9:29  Barracks Reactor x2, Marine  
  107  9:30  Marine  
  108  9:31  Marine  
  108  9:34  SCV  
  108  9:36  Marine  
  111  9:39  Supply Depot  
  111  9:40  Supply Depot  
  111  9:42  Siege Tank  
  98  9:53  Marine x3  
  97  10:02  Marine  
  97  10:03  Marine x7  
  97  10:05  SCV  
  97  10:06  Medivac  
  97  10:07  Medivac  
  100  10:08  Marine x2  
  100  10:09  SCV  
  100  10:10  Marine  
  100  10:11  SCV, Marine  
  100  10:13  Terran Infantry Armor Level 2  
  101  10:17  Refinery  
  101  10:18  Refinery  
  101  10:20  Siege Tank  
  104  10:22  Marine  
  104  10:23  Marine  
  106  10:28  SCV  
  106  10:29  Marine  
  106  10:30  Marine x8  
  106  10:32  Marine  
  117  10:37  Marine  
  117  10:38  Medivac  
  120  10:43  Sensor Tower  
  120  10:44  Marine  
  121  10:50  Factory  
  121  10:52  Siege Tank  
  121  10:56  Marine  
  125  10:59  Marine  
  125  11:00  Marine x2  
  123  11:11  Marine  
  123  11:12  Marine  
  123  11:15  Command Center  
  123  11:16  Marine  
  123  11:17  SCV  
  127  11:19  Marine  
  127  11:24  Siege Tank  
  130  11:25  Marine  
  130  11:26  Marine x8  
  130  11:27  Marine  
  130  11:28  SCV  
  141  11:36  Marine  
  141  11:38  Marine  
  141  11:39  Marine  
  123  11:41  Medivac  
  123  11:42  Marine x2  
  123  11:43  Marine  
  123  11:44  Marine  
  129  11:47  Marine  
  125  11:57  Factory Tech Lab  
  125  11:59  Marine  
  125  12:01  Marine  
  127  12:04  Marine x5  
  127  12:05  Marine x3  
  138  12:09  Marine  
Show
View Real Time Build Order
Export as new Build Order

Clem Terran - Winner!

Build Orders: Banshee Rush 

Get SALT Encoding   

  12  0:00  SCV  
  13  0:12  SCV  
  14  0:16  Supply Depot  
  14  0:24  SCV  
  15  0:38  SCV  
  15  0:39  Barracks  
  16  0:42  Refinery  
  16  0:50  SCV  
  17  1:02  SCV  
  18  1:14  SCV  
  19  1:26  Reaper, Orbital Command  
  20  1:37  Supply Depot  
  20  1:38  Refinery  
  20  1:45  Bunker  
  20  1:53  SCV  
  21  1:58  Marine  
  21  2:05  SCV  
  22  2:09  Factory  
  22  2:15  Marine  
  22  2:17  SCV  
  22  2:22  Supply Depot  
  24  2:29  SCV  
  25  2:33  Marine  
  26  2:41  SCV  
  27  2:53  Factory Tech Lab, Starport, SCV  
  27  2:57  Marine  
  29  3:08  Command Center  
  29  3:10  SCV  
  30  3:19  Barracks Reactor  
  30  3:22  Factory Tech Lab  
  30  3:23  SCV, Supply Depot  
  31  3:35  SCV  
  31  3:37  Cloaking Field  
  31  3:38  Banshee  
  35  3:46  Siege Tank  
  39  3:48  SCV  
  39  3:55  Marine x2  
  39  4:00  SCV  
  39  4:02  Supply Depot  
  42  4:13  SCV  
  42  4:17  Marine  
  42  4:20  Marine  
  42  4:21  Banshee  
  47  4:28  Orbital Command  
  47  4:31  Siege Tank  
  50  4:33  SCV  
  51  4:39  Marine x2  
  51  4:45  SCV  
  54  4:47  Supply Depot  
  54  4:54  SCV  
  54  4:57  SCV, Marine x2  
  58  5:06  SCV  
  59  5:09  SCV  
  55  5:14  Marine  
  55  5:15  Marine  
  55  5:18  SCV  
  55  5:21  SCV, Barracks  
  51  5:24  Barracks  
  52  5:29  Siege Tank  
  52  5:32  Starport Reactor, Marine x2  
  52  5:33  SCV x2  
  59  5:38  Refinery  
  59  5:39  Refinery  
  59  5:44  Engineering Bay x2  
  59  5:47  SCV x2  
  61  5:50  Marine x2  
  63  5:59  SCV x2  
  65  6:05  Command Center  
  65  6:08  Marine x2  
  65  6:10  Siege Tank  
  70  6:12  SCV  
  70  6:13  SCV  
  70  6:15  Terran Infantry Weapons Level 1  
  72  6:20  Barracks Reactor  
  72  6:21  Marine  
  72  6:24  SCV  
  74  6:26  Marine x2  
  74  6:29  Supply Depot  
  74  6:31  Medivac x2  
  77  6:34  SCV  
  78  6:40  Supply Depot  
  78  6:50  Barracks  
  78  6:51  Siege Tank, Marine x3  
  78  6:52  Barracks  
  84  6:56  Marine x2  
  86  7:02  SCV x2, Viking  
  86  7:06  Viking  
  91  7:08  Marine x3  
  91  7:09  Supply Depot  
  94  7:16  Marine x2, Orbital Command  
  94  7:20  Terran Infantry Armor Level 1  
  96  7:26  Marine  
  96  7:29  Marine x2, Siege Tank  
  98  7:31  SCV  
  98  7:33  SCV  
  98  7:34  Marine  
  98  7:42  Viking  
  98  7:43  SCV  
  85  7:44  Marine x2  
  85  7:45  SCV x2  
  85  7:48  Marine x2  
  91  7:52  Barracks Reactor x2  
  91  7:55  SCV  
  91  7:57  SCV  
  91  7:59  SCV  
  91  8:02  Marine x2  
  91  8:03  Armory  
  94  8:07  SCV  
  94  8:08  Viking  
  94  8:09  SCV, Marine  
  99  8:13  Barracks Reactor, Supply Depot  
  99  8:14  Barracks Tech Lab  
  99  8:15  Barracks Tech Lab, Marine  
  100  8:20  Siege Tank  
  100  8:24  Viking  
  104  8:27  Marine x2  
  104  8:31  SCV x3  
  104  8:33  Stimpack  
  107  8:40  Combat Shields  
  105  8:41  Viking  
  105  8:42  Marine  
  105  8:43  SCV  
  105  8:46  Factory  
  105  8:47  Refinery  
  105  8:48  Refinery  
  107  8:49  Marine  
  107  8:50  Supply Depot  
  107  8:53  Marine x2  
  107  8:54  Marine  
  107  8:55  Supply Depot  
  110  8:58  Marine  
  110  9:00  Siege Tank  
  114  9:06  Sensor Tower  
  114  9:08  SCV x3  
  117  9:12  Marine x2  
  117  9:13  Marine  
  117  9:16  Missile Turret  
  117  9:17  Missile Turret, Marine x2  
  120  9:20  SCV  
  120  9:22  Marine x3  
  126  9:28  SCV x2  
  126  9:30  Factory Tech Lab, Marine x2  
  130  9:32  SCV  
  130  9:34  Supply Depot  
  130  9:36  Siege Tank  
  134  9:41  Medivac x2  
  134  9:42  Marine x2  
  134  9:44  Marine  
  141  9:48  Marine  
  141  9:51  Marine  
  141  9:52  Marine, Siege Tank  
  140  9:53  Marine  
  140  9:56  Marine  
  126  10:00  Marine x2  
  126  10:02  Marine  
  126  10:06  Marine  
  119  10:09  Marine  
  119  10:10  Marine  
  119  10:11  Medivac, Marine  
  119  10:13  Terran Infantry Weapons Level 2, Marine, Terran Infantry Armor Level 2  
  125  10:16  Terran Vehicle Weapons Level 1  
  125  10:20  Marine x2  
  127  10:24  Marine  
  127  10:26  Sensor Tower, Marine  
  129  10:30  Siege Tank  
  129  10:33  Marine  
  133  10:40  Barracks, Siege Tank  
  133  10:42  Barracks  
  135  10:43  Marine  
  135  10:48  Command Center  
  136  10:56  Supply Depot  
  135  10:59  Missile Turret  
  135  11:01  Liberator  
  135  11:02  Liberator, Siege Tank  
  137  11:09  Marine x7  
  143  11:11  Command Center  
  143  11:12  Supply Depot  
  143  11:13  Marine, Siege Tank  
  147  11:24  Supply Depot  
  153  11:27  Marine x4  
  157  11:34  Siege Tank, Marine x6  
  147  11:45  Marine x4, Siege Tank  
  146  11:51  Marine x2  
  146  11:52  Marine x2  
  145  11:54  Marine x2  
  147  12:02  Marine  
  147  12:03  Marine x3  
  154  12:09  Marine x2  
  154  12:13  Marine  
  154  12:19  Sensor Tower  
Tags
 
Add a new tag
Caveats
  • Supply blocks, unpowered buildings, or Contaminate may cause inaccurate times.
  • Supply counts are checked every 10 seconds.